 Dungeon Crawl Stone Soup version 0.29.1-12-g30fa7ad0bf (webtiles) character file.

Game seed: 12987125900235911339

166092 growler the Black Belt (level 17, -12/142 HPs)
             Began as a Demonspawn Venom Mage on Jan 5, 2023.
             Was an Initiate of Gozag.
             Mangled by a naga
             ... wielding a +0 glaive
              (45 damage)
             ... on level 3 of the Snake Pit on Jan 6, 2023.
             The game lasted 02:25:21 (38466 turns).

growler the Black Belt (Demonspawn Venom Mage)     Turns: 38466, Time: 02:25:22

Health: -12/142    AC: 15    Str: 14    XL:     17   Next: 29%
Magic:  18/24      EV: 12    Int: 26    God:    Gozag
Gold:   4031       SH: 14    Dex: 15    Spells: 15/26 levels left

rFire   . . .      SeeInvis .     - Unarmed
rCold   + . .      Faith    .   m - +0 buckler {reflect}
rNeg    + . .      Spirit   .   W - +3 leather armour {rPois}
rPois   +          Reflect  +   (helmet restricted)
rElec   .          Harm     .   s - +2 cloak
rCorr   .          Rampage  .   (gloves unavailable)
Will    +++..                   i - +0 pair of boots
Stlth   ++........              t - amulet of Immorality {Reflect rN+ Will++ SH+5}
HPRegen 0.33/turn               g - +4 ring of evasion
MPRegen 0.19/turn               V - ring of Dadghum {rC+ Slay+2}

@: brilliant, about to teleport, gold aura, hasted, constricted, very quick
A: claws 3, icemail 1, powered by death 2, big brain 3, condensation shield,
bedeviling, antennae 1, clever 1
a: Renounce Religion, Potion Petition, Call Merchant, Bribe Branch


You were on level 3 of the Snake Pit.
You worshipped Gozag.
Gozag was most pleased with you.
You visited 6 branches of the dungeon, and saw 29 of its levels.

You collected 10746 gold pieces.
You spent 1787 gold pieces at shops.
You paid 4928 gold pieces to Gozag.

Inventory:

Missiles
 f - 12 javelins
 l - 6 silver javelins (quivered)
 I - 3 throwing nets
Armour
 i - a +0 pair of boots (worn)
 m - a +0 buckler of reflection (worn)
 p - a +2 robe of fire resistance
 s - a +2 cloak (worn)
 T - the +1 helmet "Unwaxuulaf" {rN+}
   (You found it on level 1 of the Snake Pit)

   rN:        It protects you from negative energy.
 W - a +3 leather armour of poison resistance (worn)
Jewellery
 g - a +4 ring of evasion (left claw)
 t - the amulet of Immorality (around neck) {Reflect rN+ Will++ SH+5}
   (You found it on level 13 of the Dungeon)

   [amulet of reflection]

   It reflects blocked missile attacks.
   rN:        It protects you from negative energy.
   SH:        It affects your SH (+5).
   Will:      It greatly increases your willpower.
 x - a ring of flight
 L - the ring "Jeehiuru" {Contam Fly rElec rCorr}
   (You found it on level 3 of the Swamp)

   [ring of flight]

   rElec:     It insulates you from electricity.
   Fly:       It grants you flight.
   Contam:    It causes magical contamination when unequipped.
   rCorr:     It protects you from acid and corrosion.
 N - a +4 ring of protection
 Q - a ring of see invisible
 V - the ring of Dadghum (right claw) {rC+ Slay+2}
   (You bought it in a shop on level 2 of the Orcish Mines)

   [ring of protection from cold]

   Slay:      It affects your accuracy & damage with ranged weapons and melee
   (+2).
   rC:        It protects you from cold.
Wands
 y - a wand of roots (24)
 B - a wand of paralysis (16)
 J - a wand of flame (24)
 O - a wand of mindburst (26)
 P - a wand of quicksilver (2)
 Z - a wand of digging (4)
Scrolls
 a - a scroll of poison
 d - 3 scrolls of enchant weapon
 h - 6 scrolls of fog
 j - a scroll of brand weapon
 k - 2 scrolls of silence
 u - 4 scrolls of magic mapping
 v - 2 scrolls of vulnerability
 G - 2 scrolls of fear
 H - 4 scrolls of immolation
 K - a scroll of enchant armour
 M - 8 scrolls of teleportation
 R - 5 scrolls of torment
 S - a scroll of summoning
 U - 3 scrolls of amnesia
Potions
 b - 3 potions of magic
 c - 2 potions of berserk rage
 e - 4 potions of attraction
 n - 4 potions of ambrosia
 o - 5 potions of might
 q - 3 potions of heal wounds
 r - 10 potions of curing
 w - 2 potions of resistance
 z - 3 potions of haste
 A - a potion of invisibility
 C - a potion of flight
 D - 4 potions of brilliance
 E - 6 potions of mutation
 X - 4 potions of lignification
 Y - 3 potions of cancellation


   Skills:
 - Level 15.2 Fighting
 - Level 8.0 Throwing
 - Level 6.0 Armour
 - Level 1.7 Dodging
 - Level 1.7 Stealth
 - Level 4.0 Shields
 - Level 20.0 Unarmed Combat
 - Level 5.0 Spellcasting
 + Level 6.7 Transmutations
 + Level 6.6 Earth Magic
 - Level 8.0 Poison Magic


You had 15 spell levels left.
You knew the following spells:

 Your Spells              Type           Power      Damage    Failure   Level
a - Sting                 Tmut/Pois      100%       1d8       1%          1
b - Olgreb's Toxic Radia  Pois           64%        N/A       1%          4
c - Statue Form           Tmut/Erth      38%        N/A       43%         6

Your spell library contained the following spells:

 Spells                   Type           Power      Damage    Failure   Level
 Poisonous Vapours        Pois/Air       80%        N/A       1%          2
 Ignite Poison            Fire/Tmut/Pois 48%        N/A       1%          3
 Petrify                  Tmut/Erth      57%        N/A       3%          4
 Magic Dart               Conj           36%        1d4       4%          1
 Summon Small Mammal      Summ           36%        N/A       4%          1
 Mephitic Cloud           Conj/Pois/Air  30%        N/A       5%          3
 Blink                    Tloc           18%        N/A       8%          2
 Call Imp                 Summ           9%         N/A       8%          2
 Blade Hands              Tmut           29%        N/A       9%          5
 Animate Armour           Summ/Erth      70%        N/A       13%         4
 Conjure Flame            Conj/Fire      9%         6-21      16%         3
 Dazzling Flash           Conj/Hex       28%        N/A       16%         3
 Lesser Beckoning         Tloc           9%         N/A       16%         3
 Ozocubu's Armour         Ice            9%         N/A       16%         3
 Portal Projectile        Hex/Tloc       28%        N/A       16%         3
 Tukima's Dance           Hex            14%        N/A       16%         3
 Sticky Flame             Conj/Fire      9%         2d3       43%         4
 Agony                    Necr           9%         N/A       77%         5
 Manifold Assault         Tloc           9%         N/A       77%         5
 Metabolic Englaciation   Hex/Ice        7%         N/A       77%         5
 Silence                  Hex/Air        7%         N/A       77%         5
 Dispersal                Tloc           4%         N/A       99%         6
 Malign Gateway           Summ/Tloc      4%         N/A       100%        7
 Ozocubu's Refrigeration  Ice            4%         4d8       100%        7
 Disjunction              Tloc           4%         N/A       100%        8
 Ignition                 Fire           4%         3d4       100%        8
 Simulacrum               Ice/Necr       Unusable   N/A       N/A         6

Dungeon Overview and Level Annotations

Branches:
Dungeon (15/15)            Temple (1/1) D:6            Lair (5/5) D:10
  Swamp (3/4) Lair:3        Snake (3/4) Lair:3        Slime (0/5) Lair:4
    Orc (2/2) D:11            Elf (0/3) Orc:2        Vaults (0/5) D:13
 Depths (0/4) D:15

Altars:
Ashenzari
Cheibriados
Dithmenos
Fedhas
Gozag
Hepliaklqana
Kikubaaqudgha
Makhleb
Nemelex Xobeh
Okawaru
Qazlal
Ru
Sif Muna
Trog
Uskayaw
Vehumet
Wu Jian
Xom
Yredelemnul

Shops:
D:5 *   D:6 (   D:8 (   D:10 !:=?!   D:15 :[!   Orc:2 (=[([   Snake:2 =:*

Annotations:
D:4 1 runed translucent door, Crazy Yiuf
D:5 1 runed translucent door, xzight's ghost, amateur GnWr
Lair:4 exclusion: 5 oklob plants


Innate Abilities, Weirdness & Mutations

You have claws for hands.
A meltable icy envelope protects you from harm. (AC +4)
You regenerate health from kills.
You have an absolutely massive brain. (Int +6, Wiz)
A meltable shield of frost defends you. (SH +4)
Your hexes are more powerful.
You have a pair of small antennae on your head.
Your mind is acute. (Int +4, Str/Dex -1)


Message History

The anaconda bites you.
* * * LOW HITPOINT WARNING * * *
The anaconda constricts you.
The naga mage gestures at the naga warrior while chanting.
The naga warrior seems to grow toxic.
You block the naga's attack. You block the black mamba's attack.
The naga warrior barely misses you. [a] - 260 gold - heal wounds and magic [b] - 364 gold - resistance and might [c] - 364 gold - haste and brilliance Purchase which effect?
You feel yourself speed up.
You feel clever all of a sudden.
The naga no longer looks unusually strong.
You block the anaconda's attack. The anaconda constricts you.
* * * LOW HITPOINT WARNING * * *
You block the black mamba's attack. The naga mage spits poison at you.
The splash of poison misses you.
The splash of poison hits the anaconda!
You block the naga's attack. You block the anaconda's attack.
The anaconda constricts you.
* * * LOW HITPOINT WARNING * * *
The naga warrior roars a battlecry!
The naga goes into a battle-frenzy!
The black mamba is distracted by your dazzling golden aura.
The black mamba hisses angrily.
You escape the anaconda's grasp.
You block the naga mage's attack. The naga mage closely misses you.
The guardian serpent coils itself and waves its upper body at you.
The black mamba blinks!
The naga blinks!
The naga warrior blinks!
The anaconda blinks!
The naga mage misses you. x2
As you read the scroll of teleportation, it crumbles to dust.
You feel strangely unstable.
The black mamba is no longer distracted by gold.
The black mamba bites you but does no damage.
The anaconda grabs you. You block the anaconda's attack.
The anaconda constricts you.
* * * LOW HITPOINT WARNING * * *
The guardian serpent misses you. The naga hits you with a +0 glaive!!!
You die...
Your body crumbles into a pile of gold.

#.... #... .#### ######N..
.....### ##..SN....
.......#############.N$SS.).#
#....................#######
#....##).##.........#
###..#8..8#S....###.....
#####......§§N@S.............
###.........)§.NNS..............
...........#8.§8##.###########..
.########.###..###.# # .# ###
##.....# ## ####### #


You could see a naga warrior (curare), an anaconda (extremely poisoned), a
guardian serpent, a black mamba, a naga mage (strong) and a naga (strong).

Vanquished Creatures
  A tentacled monstrosity (Swamp:2)
  A thorn hunter (Swamp:3)
  Agnes (Snake:2)
  A fenstrider witch (Swamp:3)
  3 ghouls (Swamp:1)
  Nessos (D:12)
  3 eleionomae (Swamp:2)
  2 bunyips
  An ettin (D:15)
  2 shambling mangroves (Swamp:3)
  An ice dragon (D:13)
  13 hydras
  2 ogre magi (D:15)
  4 boulder beetles
  2 ghost crabs (Swamp:1)
  6 alligators
  4 centaur warriors
  2 salamander tyrants
  Erica (Lair:1)
  3 naga warriors
  A catoblepas (Lair:5)
  9 two-headed ogres
  11 anacondas
  A deep troll shaman (Lair:5)
  9 death yaks
  3 tengu warriors
  3 naga sharpshooters
  Urug (Orc:1)
  6 shock serpents
  Sonja (Lair:2)
  Lodul (D:14)
  An iron troll (D:13)
  7 skeletal warriors
  2 salamander mystics (Snake:2)
  A spriggan druid (Swamp:2)
  3 goliath frogs
  A swamp dragon (Swamp:1)
  A wizard (D:15)
  9 bog bodies
  2 naga ritualists (Snake:2)
  2 deep trolls (D:15)
  13 orc knights
  Pikel (D:6)
  3 deep elf pyromancers
  3 orc sorcerers
  4 mana vipers
  5 spectral spriggans (Swamp:1)
  An ugly thing (D:12)
  4 manticores
  5 will-o-the-wisps
  6 cyclopes
  6 salamanders (Snake:2)
  3 elephants (Lair:5)
  30 black mambas
  8 naga magi
  2 guardian serpents (Snake:1)
  A torpor snail (shapeshifter) (D:14)
  2 torpor snails
  2 unseen horrors
  3 gargoyles
  13 cane toads
  A kobold demonologist (D:12)
  2 freezing wraiths (Swamp:1)
  2 ice devils (Lair:5)
  14 komodo dragons
  A rime drake (Lair:1)
  A tengu conjurer (D:15)
  4 trolls
  7 hornets
  7 tyrant leeches
  A merfolk (shapeshifter) (D:13)
  A bloated husk (Swamp:2)
  2 polar bears (Lair:5)
  22 slime creatures
  4 dream sheep
  10 blink frogs (Lair:3)
  A centaur simulacrum (D:15)
  4 shadows
  4 wraiths
  62 yaks
  A vampire (D:12)
  4 spriggans
  2 wyverns
  Eustachio (D:6)
  2 steam dragons
  4 basilisks
  15 vampire mosquitoes
  6 swamp worms
  8 wargs
  19 nagas
  15 water moccasins
  3 acid dragons
  A floating eye (Lair:4)
  41 orc warriors
  2 swamp drakes (Swamp:3)
  5 ice beasts
  2 sky beasts (D:7)
  8 black bears
  2 black bears (shapeshifter) (D:13)
  16 ogres
  28 wolves
  8 centaurs
  A lemure (D:6)
  2 phantoms
  3 kobold brigands
  A necrophage (D:6)
  20 bullfrogs
  8 scorpions
  2 gnoll sergeants
  4 wights (D:6)
  10 killer bees
  6 electric eels
  3 howler monkeys (D:9)
  A jelly (D:6)
  11 orc priests
  2 hounds
  Jessica (D:2)
  3 iguanas
  14 orc wizards
  11 gnolls
  5 adders
  A white imp (D:8)
  4 ufetubi (D:6)
  3 worms
  6 dart slugs
  78 orcs
  3 bats
  3 endoplasms
  2 giant cockroaches
  7 hobgoblins
  19 kobolds
  4 quokkas
  3 ball pythons
  5 goblins
  3 rats
  A briar patch (Swamp:3)
837 creatures vanquished.

Vanquished Creatures (others)
  A manticore (D:14)
  A spectral spriggan (Swamp:1)
  5 bloated husks
  A hornet (Swamp:1)
  10 foxfires
  51 fungi
  96 plants
165 creatures vanquished.

Grand Total: 1002 creatures vanquished

Notes
Turn   | Place    | Note
-------+----------+-------------------------------------------
     0 | D:1      | growler the Demonspawn Venom Mage began the quest for the
                  | Orb.
     0 | D:1      | Reached XP level 1. HP: 13/13 MP: 3/3
   402 | D:1      | Gained mutation: You have sharp fingernails. [demonic
                  | ancestry]
   402 | D:1      | Reached XP level 2. HP: 19/19 MP: 5/5
   888 | D:2      | Reached XP level 3. HP: 20/24 MP: 2/7
  1021 | D:2      | Noticed Jessica
  1027 | D:2      | Killed Jessica
  1263 | D:2      | Reached XP level 4. HP: 30/30 MP: 8/8
  1271 | D:2      | Learned a level 4 spell: Olgreb's Toxic Radiance
  1593 | D:2      | Found a sparkling altar of Nemelex Xobeh.
  2144 | D:3      | Found an iron altar of Okawaru.
  2144 | D:3      | Found a bloodstained altar of Trog.
  2151 | D:3      | Found a shimmering blue altar of Sif Muna.
  2153 | D:3      | Found a broken altar of Ashenzari.
  2155 | D:3      | Found a faded altar of an unknown god.
  2426 | D:4      | Noticed a scorpion
  2433 | D:4      | Killed a scorpion
  2434 | D:4      | Gained mutation: A meltable shield of frost defends you.
                  | (SH +4) [demonic ancestry]
  2434 | D:4      | Reached XP level 5. HP: 35/35 MP: 7/11
  2493 | D:4      | Found a shadowy altar of Dithmenos.
  2697 | D:4      | Reached skill level 5 in Poison Magic
  2794 | D:4      | Gained mutation: You have an unusually large brain. (Int
                  | +2) [demonic ancestry]
  2794 | D:4      | Reached XP level 6. HP: 41/41 MP: 7/12
  3183 | D:4      | Found a runed translucent door.
  3184 | D:4      | Noticed Crazy Yiuf
  3411 | D:5      | Entered Level 5 of the Dungeon
  3411 | D:5      | Noticed an ice beast
  3424 | D:5      | Killed an ice beast
  3488 | D:5      | Reached skill level 5 in Spellcasting
  3579 | D:5      | Gained mutation: You have very sharp fingernails. [demonic
                  | ancestry]
  3579 | D:5      | Reached XP level 7. HP: 31/46 MP: 11/14
  4016 | D:5      | Reached skill level 1 in Unarmed Combat
  4086 | D:5      | Reached skill level 2 in Unarmed Combat
  4178 | D:5      | Found Zin's Purification Station.
  4178 | D:5      | Found a runed translucent door.
  4189 | D:5      | Noticed xzight's ghost (amateur GnWr)
  4510 | D:6      | Gained mutation: You have an extremely huge brain. (Int +4)
                  | [demonic ancestry]
  4510 | D:6      | Reached XP level 8. HP: 42/52 MP: 15/15
  4693 | D:6      | Reached skill level 3 in Unarmed Combat
  4966 | D:6      | Reached skill level 4 in Unarmed Combat
  5283 | D:6      | Reached skill level 5 in Unarmed Combat
  5293 | D:6      | Found Tosu Rint's Weapon Shoppe.
  5293 | D:6      | Noticed Eustachio
  5445 | D:6      | Killed Eustachio
  5598 | D:6      | Reached skill level 6 in Unarmed Combat
  5804 | D:6      | Found a staircase to the Ecumenical Temple.
  5844 | Temple   | Entered the Ecumenical Temple
  6030 | Temple   | Became a worshipper of Gozag Ym Sagoz the Greedy
  6116 | D:6      | Noticed Pikel
  6123 | D:6      | Killed Pikel
  6124 | D:6      | Reached skill level 7 in Unarmed Combat
  6124 | D:6      | Reached XP level 9. HP: 49/57 MP: 7/16
  6331 | D:6      | Identified the +11 dagger of Karma {spect, rC+ Str-5 Int+6}
  6356 | D:6      | Found an ornate altar of the Wu Jian Council.
  6499 | D:7      | Reached skill level 1 in Shields
  6724 | D:7      | Reached skill level 8 in Unarmed Combat
  7001 | D:7      | Reached skill level 9 in Unarmed Combat
  7112 | D:7      | Found a sacrificial altar of Ru.
  7122 | D:7      | Found a hazy altar of Hepliaklqana.
  7710 | D:8      | Found a stormy altar of Qazlal.
  7866 | D:8      | Gained mutation: A meltable icy envelope protects you from
                  | harm. (AC +4) [demonic ancestry]
  7866 | D:8      | Reached XP level 10. HP: 56/63 MP: 17/17
  8001 | D:8      | Found Roniol Gedd's Antique Weapon Emporium.
  8272 | D:8      | Reached skill level 10 in Unarmed Combat
  9225 | D:9      | Reached skill level 11 in Unarmed Combat
  9843 | D:10     | Entered Level 10 of the Dungeon
  9843 | D:10     | Found Opodgh's Distillery.
  9853 | D:10     | Found a blossoming altar of Fedhas.
  9987 | D:10     | Noticed a cyclops
  9995 | D:10     | Reached skill level 12 in Unarmed Combat
 10004 | D:10     | Killed a cyclops
 10273 | D:10     | Gained mutation: You regenerate a little health from kills.
                  | [demonic ancestry]
 10273 | D:10     | Reached XP level 11. HP: 68/68 MP: 18/18
 10413 | D:10     | Found a staircase to the Lair.
 10456 | D:10     | Found Maifusis's Book Emporium.
 10503 | D:10     | Found Egaoh's Jewellery Shoppe.
 10522 | D:10     | Reached skill level 13 in Unarmed Combat
 10731 | D:10     | Found Nodigub's Distillery.
 10755 | D:10     | Found Tuypac's Magic Scroll Shoppe.
 10764 | D:10     | Bought a scroll of teleportation for 51 gold pieces
 10764 | D:10     | Bought a scroll of teleportation for 51 gold pieces
 11045 | D:10     | Reached skill level 1 in Fighting
 11152 | D:11     | Noticed a boulder beetle
 11206 | D:11     | Killed a boulder beetle
 11453 | D:11     | Found a staircase to the Orcish Mines.
 11893 | D:11     | Identified the +0 leather armour of Woyhoomn {Regen+ MP+9}
 12263 | D:11     | Reached skill level 5 in Fighting
 12394 | D:11     | Reached skill level 14 in Unarmed Combat
 12577 | Lair:1   | Entered Level 1 of the Lair of Beasts
 12577 | Lair:1   | Noticed Erica
 12594 | Lair:1   | Killed Erica
 12756 | Lair:1   | Gained mutation: You have an absolutely massive brain. (Int
                  | +6, Wiz) [demonic ancestry]
 12756 | Lair:1   | Reached XP level 12. HP: 88/88 MP: 19/19
 13670 | Lair:2   | Reached skill level 15 in Unarmed Combat
 14211 | Lair:2   | Noticed Sonja
 14215 | Lair:2   | Paralysed by Sonja for 5 turns
 14218 | Lair:2   | Killed Sonja
 14298 | Lair:2   | Noticed a death yak
 14314 | Lair:2   | Noticed a death yak
 14319 | Lair:2   | Noticed a death yak
 14383 | Lair:2   | Killed a death yak
 14383 | Lair:2   | Noticed a death yak
 14383 | Lair:2   | Noticed a death yak
 14390 | Lair:2   | Killed a death yak
 14405 | Lair:2   | Killed a death yak
 14407 | Lair:2   | Killed a death yak
 14418 | Lair:2   | Killed a death yak
 14419 | Lair:2   | Gained mutation: You have claws for hands. [demonic
                  | ancestry]
 14419 | Lair:2   | Reached XP level 13. HP: 34/103 MP: 19/20
 15014 | Lair:3   | Reached skill level 10 in Fighting
 15106 | Lair:3   | Found a staircase to the Snake Pit.
 15360 | Lair:3   | Reached skill level 16 in Unarmed Combat
 15895 | Lair:3   | Found a staircase to the Swamp.
 17574 | Lair:4   | Found a staircase to the Slime Pits.
 17702 | Lair:5   | Entered Level 5 of the Lair of Beasts
 18267 | Lair:4   | Paralysed by a floating eye for 2 turns
 18849 | Lair:5   | Identified the +7 mace of the Endless March {protect,
                  | Dex+3}
 18918 | Lair:5   | Identified the +7 lajatang of the Bear {flame, rElec Str+4
                  | Int+2 SInv}
 19199 | Lair:5   | Reached skill level 17 in Unarmed Combat
 19432 | Lair:5   | Gained mutation: Your hexes are more powerful. [demonic
                  | ancestry]
 19432 | Lair:5   | Reached XP level 14. HP: 110/116 MP: 21/21
 20093 | Orc:1    | Entered Level 1 of the Orcish Mines
 20120 | Orc:1    | Noticed Urug
 20141 | Orc:1    | Killed Urug
 20387 | Orc:1    | Found Zajuogh's Jewellery Boutique.
 20686 | Orc:2    | Entered Level 2 of the Orcish Mines
 20842 | Orc:2    | Found Ecih's Armour Boutique.
 20860 | Orc:2    | Found a bloodstained altar of Trog.
 21207 | Orc:2    | Found a staircase to the Elven Halls.
 21602 | Orc:2    | Found Exte's Jewellery Boutique.
 21635 | Orc:2    | Bought the ring of Dadghum {rC+ Slay+2} for 565 gold pieces
 21663 | Orc:2    | Found Zikam's Weapon Shoppe.
 21733 | Orc:2    | Found Hepet's Weapon Shoppe.
 21797 | Orc:2    | Found Baisank's Armour Boutique.
 22123 | D:12     | Reached skill level 18 in Unarmed Combat
 22493 | D:12     | Identified the +8 long sword of Tartarus {drain, rN++
                  | Will+}
 22555 | D:12     | Noticed Nessos
 22557 | D:12     | Killed Nessos
 23580 | D:12     | Gained mutation: You regenerate health from kills. [demonic
                  | ancestry]
 23580 | D:12     | Reached XP level 15. HP: 127/127 MP: 22/22
 23884 | D:13     | Reached skill level 15 in Fighting
 23977 | D:10     | Bought a potion of lignification for 48 gold pieces
 23977 | D:10     | Bought 2 potions of lignification for 96 gold pieces
 23977 | D:10     | Bought a potion of lignification for 48 gold pieces
 23977 | D:10     | Bought a potion of lignification for 48 gold pieces
 23977 | D:10     | Bought a potion of mutation for 128 gold pieces
 24223 | D:13     | Identified the amulet of Immorality {Reflect rN+ Will++
                  | SH+5}
 24394 | D:13     | Found a gate to the Vaults.
 25097 | D:15     | Entered Level 15 of the Dungeon
 25155 | D:15     | Reached skill level 1 in Throwing
 25686 | D:15     | Found a sparkling altar of Nemelex Xobeh.
 25781 | D:15     | Reached skill level 5 in Throwing
 26338 | D:15     | Found a staircase to the Depths.
 26641 | D:14     | Noticed Lodul
 26657 | D:14     | Killed Lodul
 27299 | Orc:2    | Bought a +3 leather armour of poison resistance for 336
                  | gold pieces
 27717 | Swamp:1  | Entered Level 1 of the Swamp
 28190 | Lair:3   | Reached skill level 1 in Armour
 29144 | Swamp:1  | Reached skill level 19 in Unarmed Combat
 29177 | Swamp:1  | Reached XP level 16. HP: 103/136 MP: 23/23
 30412 | Swamp:1  | Found a hide-covered altar of Uskayaw.
 31286 | Swamp:2  | Reached skill level 5 in Armour
 31334 | Swamp:2  | You fall into a shaft and drop 1 floor!
 31984 | Swamp:2  | Noticed a tentacled monstrosity
 31996 | Swamp:2  | Killed a tentacled monstrosity
 32417 | Swamp:2  | Learned a level 6 spell: Statue Form
 32514 | Swamp:3  | Found a shimmering altar of Xom.
 32529 | Swamp:3  | Noticed a thorn hunter
 32546 | Swamp:3  | Killed a thorn hunter
 32936 | Swamp:3  | Reached skill level 20 in Unarmed Combat
 32940 | Swamp:3  | Identified the ring "Jeehiuru" {Contam Fly rElec rCorr}
 33342 | Snake:1  | Entered Level 1 of the Snake Pit
 33362 | Snake:1  | Reached skill level 1 in Transmutations
 33405 | Snake:1  | Reached skill level 1 in Earth Magic
 34043 | Snake:1  | Identified the +1 helmet "Unwaxuulaf" {rN+}
 34286 | Snake:1  | Got Pofebr Deoxe's Incunabulum of the Summoned Compass
 34838 | Snake:1  | Identified the +6 scale mail of Death Resistance {rF+}
 35240 | Snake:1  | Identified the +6 dagger of Lyuveu Oteenn {vamp, rF++ rC-
                  | rCorr SInv}
 35514 | Snake:2  | Reached skill level 5 in Transmutations
 35628 | Snake:2  | Reached XP level 17. HP: 110/142 MP: 24/24
 35719 | Snake:2  | Noticed Agnes
 35727 | Snake:2  | Reached skill level 5 in Earth Magic
 35732 | Snake:2  | Killed Agnes
 35750 | Snake:2  | Found Acun's Assorted Antiques.
 35752 | Snake:2  | Found Ohez's Book Shop.
 35754 | Snake:2  | Found Lyimoj's Jewellery Boutique.
 36455 | Snake:2  | Bought an Everburning Encyclopedia for 416 gold pieces
 36604 | Snake:2  | Gained mutation: Your mind is acute. (Int +4, Str/Dex -1)
                  | [mutagenic glow]
 36614 | Snake:2  | Gained mutation: You have a pair of small antennae on your
                  | head. [mutagenic glow]
 38466 | Snake:3  | Mangled by a naga

Illustrated notes

Levels and vault maps discovered:
D:1:      dpeg_arrival_erosion, layout_basic
D:2:      layout_rooms, basic_altar, glass_columns_a, minmay_splitting_lines,
          dreamdust_mushroom_princess, uniq_jessica
D:3:      layout_rooms, chequers_temple_overflow_minitemple,
          chequers_serial_rivers_micro_e
D:4:      layout_basic, nicolae_dithmenos_through_a_glass_darkly,
          uniq_crazy_yiuf_cottage
D:5:      nicolae_cairo_tiling_large, layout_gridville, zin_purify,
          gammafunk_ghost_grave
D:6:      layout_basic, nicolae_wu_jian_immortal_techniques,
          minmay_temple_entry_fiery, serial_shops, shop, uniq_pikel,
          uniq_eustachio
D:7:      layout_loops_cross, mainiacjoe_overflow_big_doors
D:8:      layout_loops_corners, kennysheep_mini, serial_shops, shop,
          patterned_corridor
D:9:      layout_roguey, minmay_unpleasant_kobolds
D:10:     layout_rooms, fedhas_bush_and_centaur_altar,
          due_lair_maze_entry_diamond, serial_shops, nicolae_diamond_shop,
          shop_statue, shop_scrolls, nicolae_shop_stone, nicolae_square_shop
D:11:     layout_cross, david_orc_1_choice
D:12:     layout_basic, uniq_nessos
D:13:     minmay_opposing_rooms, layout_rooms, david_vaults_4
D:14:     layout_roguey, minmay_misc_feat_alley, serial_bayou,
          serial_bayou_shore_b, serial_bayou_ford_a, serial_bayou_pond_a,
          serial_bayou_pond_e, lemuel_flamethrower_hall, uniq_lodul
D:15:     hangedman_depths_entry_civil_slaughter, layout_basic,
          nemelex_diamond_rough_becter
Temple:   grunt_temple_mini_profane
Lair:1:   layout_gridlike, uniq_erica
Lair:2:   layout_regular_city, serial_bayou_shore_b, serial_bayou_shore_b,
          uniq_sonja
Lair:3:   nzn_winding_woodlands_medium [nzn_winding_woodlands_5x5_closed_star,
          nzn_winding_woodlands_5x15_pathside_ponds,
          nzn_winding_woodlands_5x5_cross, nzn_winding_woodlands_5x5_default,
          nzn_winding_woodlands_center_garden,
          nzn_winding_woodlands_5x5_perimeter,
          nzn_winding_woodlands_5x5_checkerboard,
          nzn_winding_woodlands_5x15_sawtooth,
          nzn_winding_woodlands_5x5_default], layout_small_grid, swamp_mist,
          guppyfry_snake_entry_garden
Lair:4:   layout_cave_pods, minmay_slime_entry_oklob_open, disabler_island
Lair:5:   grunt_lair_end_beastmaster, layout_cave_shapes,
          portal_ice_cave_demonic_guard, st_stairs_3, serial_bayou_shore_a
Swamp:1:  nicolae_swamp_flooded_prison, layout_falls_marsh,
          nicolae_swamp_godswood, swamp_pool4
Swamp:2:  layout_basic_swamp, hangedman_swamp_ruin_wall, swamp_pool4,
          roderic_carrion_pond, infiniplex_staircase_pool
Swamp:3:  layout_falls_marsh, basic_altar
Snake:1:  layout_honeycomb, hangedman_snake_corridor_cut
Snake:2:  layout_misc_corridors, lemuel_fruit_tree, grunt_megastairs_4,
          minmay_shop_star, uniq_agnes
Snake:3:  layout_grid_shapes, st_stairs_6
Orc:1:    layout_caves, serial_shops, nicolae_shop_window_shopping, uniq_urug
Orc:2:    st_orc_town, layout_diamond_mine, serial_shops, nicolae_diamond_shop,
          hangedman_feature_mirror

Skill      XL: |  1  2  3  4  5  6  7  8  9 10 11 12 13 14 15 16 17 |
---------------+----------------------------------------------------+-----
Spellcasting   | 3 4 5 |  5.0
Poison Magic   | 4 5 6 7 8 |  8.0
Unarmed Combat | 2 7 9 12 14 15 17 18 19 20 | 20.0
Shields        | 4 |  4.0
Fighting       | 6 9 12 14 15 | 15.2
Throwing       | 8 |  8.0
Armour         | 3 6 |  6.0
Transmutations | 5 6 |  6.7
Earth Magic    | 4 6 |  6.6
Dodging        | |  1.7
Stealth        | |  1.7

Action                   |  1- 3 |  4- 6 |  7- 9 | 10-12 | 13-15 | 16-18 || total
-------------------------+-------+-------+-------+-------+-------+-------++-------
Melee: Dagger            |    73 |   132 |   112 |       |       |       ||   317
       Punch             |       |     1 |     5 |       |       |       ||     6
       Unarmed           |       |       |   188 |   753 |  1296 |   706 ||  2943
Throw: Javelin           |       |       |       |       |    29 |    32 ||    61
 Cast: Sting             |    11 |    35 |    14 |       |       |       ||    60
       Olgreb's Toxic Ra |       |       |    19 |    34 |    57 |    10 ||   120
Invok: Potion Petition   |       |       |       |     2 |     3 |     3 ||     8
       Call Merchant     |       |       |       |       |     3 |       ||     3
Evoke: Wand              |       |       |       |    18 |    23 |       ||    41
  Use: Scroll            |       |     9 |     4 |     8 |    11 |     3 ||    35
       Potion            |       |       |       |       |     5 |     2 ||     7
 Stab: Sleeping          |     4 |     3 |     4 |     1 |     2 |     5 ||    19
       Distracted        |       |       |     1 |     4 |    11 |    11 ||    27
       Paralysed         |       |       |       |    14 |       |       ||    14
Armor: Robe              |    17 |    33 |    56 |    62 |       |       ||   168
       Leather armour    |       |       |       |    63 |   211 |   125 ||   399
       Skin              |       |       |       |       |    90 |       ||    90
Dodge: Dodged            |    59 |    95 |   155 |   288 |   506 |   229 ||  1332
Block: Other             |       |    27 |    87 |       |       |       ||   114
       Buckler           |       |       |    54 |   468 |   807 |   388 ||  1717
       Reflection        |       |       |       |    12 |    25 |    26 ||    63
